 Dungeon Crawl Stone Soup version 0.24.0-123-gd5b16e6ec5 (webtiles) character file.

Game seed: 6133290927599440308, levelgen mode: deterministic

40 FishyPogo the Firebug (level 3, -2/20 HPs)
             Began as a Deep Elf Fire Elementalist on Jan 2, 2020.
             Slain by an ice beast (11 damage)
             ... on level 2 of the Dungeon.
             The game lasted 00:03:49 (1415 turns).

FishyPogo the Firebug (Deep Elf Fire Elementalist)  Turns: 1415, Time: 00:03:49

Health: -2/20      AC:  3    Str:  6    XL:     3   Next: 30%
Magic:  4/9        EV: 13    Int: 19    God:
Gold:   41         SH:  0    Dex: 15    Spells: 5/8 levels left

rFire    . . .     SeeInvis .   a - +0 short sword
rCold    . . .     Gourm    .   (no shield)
rNeg     . . .     Faith    .   e - +0 robe
rPois    .         Spirit   .   (no helmet)
rElec    .         Reflect  .   (no cloak)
rCorr    .         Harm     .   q - +0 pair of gloves
MR       .....                  (no boots)
Stlth    ++........             (no amulet)
HPRegen  0.06/turn              (no ring)
MPRegen  0.11/turn              (no ring)

@: no status effects
A: no striking features
a: no special abilities


You were on level 2 of the Dungeon.
You were hungry.

You visited 1 branch of the dungeon, and saw 2 of its levels.

You collected 41 gold pieces.

Inventory:

Hand Weapons
 a - a +0 short sword (weapon)
Missiles
 d - 62 stones (quivered)
Armour
 e - a +0 robe (worn)
 f - a +0 buckler
 q - a +0 pair of gloves (worn)
Jewellery
 n - an uncursed ring of positive energy {unknown}
Scrolls
 b - a scroll of magic mapping {unknown}
 j - 2 scrolls of remove curse {unknown}
 l - 2 scrolls of identify {unknown}
 m - a scroll of fog {unknown}
 r - a scroll of teleportation {unknown}
Potions
 g - 2 potions of might {unknown}
 h - 2 potions of invisibility {unknown}
 i - 2 potions of cancellation {unknown}
 k - a potion of agility {unknown}
 o - a potion of berserk rage {unknown}
Comestibles
 c - 3 rations


   Skills:
 + Level 0.4 Fighting
 * Level 1.2 Short Blades
 - Level 2.7 Dodging
 - Level 2.7 Stealth
 * Level 0.9 Shields
 - Level 3.3 Spellcasting
 - Level 1.2 Conjurations
 - Level 3.3 Fire Magic


You had 5 spell levels left.
You knew the following spells:

 Your Spells              Type           Power        Failure   Level  Hunger
a - Flame Tongue          Conj/Fire      ##...        6%          1    None
b - Throw Flame           Conj/Fire      ##....       9%          2    ##.....

Your spell library contained the following spells:

 Spells                   Type           Power        Failure   Level  Hunger
 Conjure Flame            Conj/Fire      ##......     17%         3    ###....
 Inner Flame              Hex/Fire       #.......     22%         3    ###....
 Sticky Flame             Conj/Fire      ##......     50%         4    ####...
 Fireball                 Conj/Fire      ##........   85%         5    ######.


Dungeon Overview and Level Annotations

Branches:
Dungeon (2/15)

Altars:


Message History

The ice beast is moderately wounded.
The ice beast barely misses you.
Casting: Flame Tongue (safe; 6% risk of failure)
Confirm with . or Enter, or press ? or * to list all spells.
Aiming: Flame Tongue (safe; 6% risk of failure)
Press: ? - help, Shift-Dir - straight line, f/p - ice beast
Aim: an ice beast (moderately wounded)
The flame tongue misses the ice beast.
The flame tongue hits the orc.
The orc is moderately wounded.
The ice beast hits you. The ice beast freezes you!
Casting: Flame Tongue (safe; 6% risk of failure)
Confirm with . or Enter, or press ? or * to list all spells.
Aiming: Flame Tongue (safe; 6% risk of failure)
Press: ? - help, Shift-Dir - straight line, f/p - ice beast
Aim: an ice beast (moderately wounded)
The flame tongue misses the ice beast.
The flame tongue hits the orc!
You kill the orc!
The ice beast hits you. The ice beast freezes you!
Ouch! That really hurt!
You die...

# #.###########
............#
o....^......###
............o†#
............#Y#
...........o#@#
Y...........#.#
.......o....#)#
............#.#
...#+########.#
## #........#
#.######## #.#
#.#


You could see an ice beast and an orc wizard.

Vanquished Creatures
  An adder (D:2)
  An ooze (D:2)
  2 orcs (D:2)
  2 giant cockroaches
  4 goblins
  A hobgoblin (D:2)
  A jackal (D:2)
  A quokka (D:1)
  2 ball pythons
  2 bats
  4 frilled lizards (D:1)
  A kobold (D:1)
  6 rats
28 creatures vanquished.

Notes
Turn   | Place    | Note
-------+----------+-------------------------------------------
     0 | D:1      | FishyPogo the Deep Elf Fire Elementalist began the quest
                  | for the Orb.
     0 | D:1      | Reached XP level 1. HP: 10/10 MP: 6/6
   239 | D:1      | Reached XP level 2. HP: 15/15 MP: 6/8
   243 | D:1      | Learned a level 2 spell: Throw Flame
   602 | D:2      | Noticed an ice beast
   999 | D:2      | Reached skill level 1 in Short Blades
  1028 | D:2      | Noticed a crimson imp
  1064 | D:2      | Reached XP level 3. HP: 10/20 MP: 2/9
  1415 | D:2      | Slain by an ice beast

Levels and vault maps discovered:
D:1:      dpeg_arrival_rooms_c, layout_basic
D:2:      layout_basic, nicolae_qazlal_eye_of_the_storm

Skill      XL: |  1  2 |
---------------+-------+-----
Short Blades   | 1 |  1.2
Fighting       | |  0.4
Dodging        | |  2.7
Stealth        | |  2.7
Shields        | |  0.9
Spellcasting   | |  3.3
Conjurations   | |  1.2
Fire Magic     | |  3.3

Action                   || total
-------------------------++-------
 Cast: Flame Tongue      ||    39
       Throw Flame       ||     7
  Eat: Chunk             ||     1
Armor: Robe              ||     2
Dodge: Dodged            ||    10
